[Event "Croatian Championship 2023"]
[Site "Zagreb"]
[Date "2023.12.11"]
[Round "9.5"]
[White "Rogic, Davor"]
[Black "Tica, Sven"]
[Result "0-1"]
[ECO "B15"]
[WhiteElo "2431"]
[BlackElo "2448"]
[Annotator "RC"]
[PlyCount "102"]
[EventDate "2023.12.05"]
[EventType "tourn"]
[EventCountry "CRO"]
[SourceTitle "playchess.com"]
[Source "ChessBase"]
[SourceQuality "1"]
[TimeControl "40/5400+30:1800+30"]

1. e4 c6 2. d4 d5 3. Nd2 dxe4 4. Nxe4 Nf6 5. Nxf6+ exf6 6. c3 Bd6 7. Bd3 O-O 8. Ne2 Re8 9. O-O Nd7 10. Ng3 g6 11. Bh6 f5 12. Qd2 Nf8 13. Rfe1 Be6 14. Re2 b5 15. Rae1 Qd7 16. b3 Be7 17. Bb1 Bf6 18. Bg5 Bg7 19. Qc1 h5 20. Rd1 Nh7 21. Bf4 h4 22. Nf1 h3 23. gxh3 Bd5 24. Rde1 Rxe2 25. Rxe2 Re8 26. Rxe8+ Qxe8 27. Qe3 Qd8 28. Qg3 Qe7 29. Bd3 Nf6 30. Bg5 Qe1 31. c4 bxc4 32. bxc4 Be6 33. Qe3 Qc3 34. Be2 Ne4 35. Qxc3 Nxc3 36. Bd3 Bxd4 37. a3 Nd1 38. Ne3 Nb2 39. Be2 f6 40. Bf4 Bc5 41. Bf3 Bxa3 42. Bxc6 Nxc4 43. Nd5 Bb2 44. Bb8 a5 45. Nc7 Bf7 46. Ba7 Be5 47. Na6 Nb2 48. Nc5 Bd4 49. Bb6 Nc4 50. Ba7 Nd6 51. Bd7 a4 0-1

[Event "Croatian Championship 2023"]
[Site "Zagreb"]
[Date "2023.12.11"]
[Round "9.6"]
[White "Bukal, Vladimir Jr."]
[Black "Rezan, Sasa"]
[Result "1-0"]
[ECO "E06"]
[WhiteElo "2337"]
[BlackElo "2406"]
[Annotator "RC"]
[PlyCount "49"]
[EventDate "2023.12.05"]
[EventType "tourn"]
[EventCountry "CRO"]
[SourceTitle "playchess.com"]
[Source "ChessBase"]
[SourceQuality "1"]
[TimeControl "40/5400+30:1800+30"]

1. d4 d5 2. c4 e6 3. Nf3 Nf6 4. g3 Be7 5. Bg2 O-O 6. Nc3 dxc4 7. Ne5 Qd6 8. O-O Qa6 9. a4 Bd7 10. e4 Rd8 11. Nxf7 Kxf7 12. e5 Ng8 13. Qf3+ Ke8 14. Qh5+ Kf8 15. Qf3+ Ke8 16. d5 Qa5 17. Qg4 Kf7 18. Qh5+ Kf8 19. Re1 Bb4 20. Bg5 Ne7 21. Qxh7 Re8 22. Bh3 Bxc3 23. bxc3 Qxd5 24. Rad1 Qc6 25. Bf6 1-0

[Event "Croatian Championship 2023"]
[Site "Zagreb"]
[Date "2023.12.12"]
[Round "10.1"]
[White "Livaic, Leon"]
[Black "Rezan, Sasa"]
[Result "1-0"]
[ECO "A14"]
[WhiteElo "2543"]
[BlackElo "2406"]
[Annotator "ChessBase"]
[PlyCount "79"]
[EventDate "2023.12.05"]
[EventType "tourn"]
[EventCountry "CRO"]
[SourceTitle "playchess.com"]
[Source "ChessBase"]
[SourceQuality "1"]
[TimeControl "40/5400+30:1800+30"]

1. Nf3 Nf6 2. g3 d5 3. Bg2 e6 4. O-O Be7 5. b3 O-O 6. c4 b6 7. Bb2 Bb7 8. e3 dxc4 9. bxc4 c5 10. Qe2 Qc7 11. Nc3 Nc6 12. Ne1 a6 13. f4 Na7 14. a4 Bxg2 15. Qxg2 Rab8 16. g4 Rfd8 17. g5 Ne8 18. Ne4 Nc6 19. Nf3 Nd6 20. Ne5 Nxe4 21. Qxe4 Nxe5 22. Bxe5 Qb7 23. Qxb7 Rxb7 24. Bc3 g6 25. Rfb1 Bf8 26. Ra2 Bg7 27. Bxg7 Kxg7 28. Kf2 Rdb8 29. Rab2 Kf8 30. Kf3 Ke7 31. Ke4 Kd6 32. h4 Kc6 33. Ke5 h5 34. gxh6 Rh8 35. a5 b5 36. cxb5+ Rxb5 37. Kf6 Rxh6 38. Rxb5 axb5 39. a6 b4 40. Kg7 1-0

[Event "Croatian Championship 2023"]
[Site "Zagreb"]
[Date "2023.12.12"]
[Round "10.2"]
[White "Tica, Sven"]
[Black "Bukal, Vladimir Jr."]
[Result "0-1"]
[ECO "A40"]
[WhiteElo "2448"]
[BlackElo "2337"]
[Annotator "ChessBase"]
[PlyCount "114"]
[EventDate "2023.12.05"]
[EventType "tourn"]
[EventCountry "CRO"]
[SourceTitle "playchess.com"]
[Source "ChessBase"]
[SourceQuality "1"]
[TimeControl "40/5400+30:1800+30"]

1. d4 e6 2. c4 b6 3. e4 Bb7 4. Bd3 Nc6 5. Ne2 f5 6. Nbc3 Bb4 7. Bd2 Qh4 8. Qc2 Bxc3 9. Qxc3 fxe4 10. Bc2 Nf6 11. Bf4 O-O 12. Bxc7 e3 13. Qxe3 Nb4 14. Bb1 Bxg2 15. Rg1 Be4 16. Bd6 Bxb1 17. Bxb4 Bg6 18. Bxf8 Rxf8 19. Qf4 Qh5 20. Rg5 Qh6 21. Rg2 Qh3 22. Qg3 Qf5 23. Qg5 Qd3 24. Rc1 Ne4 25. Qe3 Nxf2 26. Qxf2 Rxf2 27. Rxf2 Bh5 28. b3 a5 29. c5 Bxe2 30. Rxe2 Qxd4 31. cxb6 Qxb6 32. Rc8+ Kf7 33. Rf2+ Ke7 34. Rcf8 Qe3+ 35. Kd1 d5 36. R8f3 Qd4+ 37. Ke2 Kd6 38. Rd3 Qb2+ 39. Ke1 Qc1+ 40. Rd1 Qe3+ 41. Re2 Qc3+ 42. Kf2 e5 43. Red2 d4 44. Rd3 Qc8 45. R1d2 Kd5 46. h3 Qf5+ 47. Kg2 Qg5+ 48. Kf2 Qf6+ 49. Ke2 g5 50. Ke1 e4 51. Rxd4+ Qxd4 52. a3 h5 53. b4 axb4 54. axb4 g4 55. hxg4 hxg4 56. b5 Qxd2+ 57. Kxd2 Kc5 0-1

[Event "Croatian Championship 2023"]
[Site "Zagreb"]
[Date "2023.12.12"]
[Round "10.3"]
[White "Kovacevic, Blazimir"]
[Black "Rogic, Davor"]
[Result "1/2-1/2"]
[ECO "D13"]
[WhiteElo "2400"]
[BlackElo "2431"]
[Annotator "ChessBase"]
[PlyCount "20"]
[EventDate "2023.12.05"]
[EventType "tourn"]
[EventCountry "CRO"]
[SourceTitle "playchess.com"]
[Source "ChessBase"]
[SourceQuality "1"]
[TimeControl "40/5400+30:1800+30"]

1. d4 d5 2. c4 c6 3. cxd5 cxd5 4. Nc3 Nf6 5. Bf4 Nc6 6. e3 a6 7. Bd3 e6 8. h3 Be7 9. Nf3 O-O 10. O-O Bd7 1/2-1/2

[Event "Croatian Championship 2023"]
[Site "Zagreb"]
[Date "2023.12.12"]
[Round "10.4"]
[White "Palac, Mladen"]
[Black "Novosel, Lovro"]
[Result "1-0"]
[ECO "B38"]
[WhiteElo "2478"]
[BlackElo "2370"]
[Annotator "ChessBase"]
[PlyCount "69"]
[EventDate "2023.12.05"]
[EventType "tourn"]
[EventCountry "CRO"]
[SourceTitle "playchess.com"]
[Source "ChessBase"]
[SourceQuality "1"]
[TimeControl "40/5400+30:1800+30"]

1. c4 Nf6 2. Nc3 c5 3. Nf3 g6 4. e4 d6 5. d4 cxd4 6. Nxd4 Bg7 7. Be2 O-O 8. O-O Nc6 9. Be3 Nxd4 10. Bxd4 Be6 11. f4 a6 12. Qd2 Rc8 13. b3 Qa5 14. Qe3 Rfe8 15. a3 Qc7 16. Rac1 Bd7 17. b4 Qb8 18. h3 h6 19. e5 Nh7 20. exd6 Bxd4 21. Qxd4 Qxd6 22. Qxd6 exd6 23. Rfd1 Be6 24. Ne4 Bf5 25. Nxd6 Rxe2 26. Nxc8 Be4 27. g4 Rg2+ 28. Kf1 Rh2 29. Rd8+ Kg7 30. Re1 Bc6 31. Nd6 Nf6 32. Re7 Rh1+ 33. Kf2 Rh2+ 34. Ke3 Rxh3+ 35. Kd4 1-0

[Event "Croatian Championship 2023"]
[Site "Zagreb"]
[Date "2023.12.12"]
[Round "10.5"]
[White "Bosiocic, Marin"]
[Black "Martinovic, Sasa"]
[Result "1/2-1/2"]
[ECO "D43"]
[WhiteElo "2545"]
[BlackElo "2556"]
[Annotator "ChessBase"]
[PlyCount "47"]
[EventDate "2023.12.05"]
[EventType "tourn"]
[EventCountry "CRO"]
[SourceTitle "playchess.com"]
[Source "ChessBase"]
[SourceQuality "1"]
[TimeControl "40/5400+30:1800+30"]

1. d4 d5 2. c4 e6 3. Nc3 c6 4. Nf3 Nf6 5. Bg5 h6 6. Bh4 dxc4 7. e4 g5 8. Bg3 b5 9. Be2 Bb7 10. h4 g4 11. Ne5 Nbd7 12. Nxd7 Qxd7 13. Be5 Bg7 14. Bxg4 Rg8 15. Bf3 c5 16. dxc5 b4 17. Qc2 bxc3 18. Rd1 Qb5 19. Qxc3 Ke7 20. Bd6+ Ke8 21. Be5 Ke7 22. Bd6+ Ke8 23. Be5 Ke7 24. Bd6+ 1/2-1/2

[Event "Croatian Championship 2023"]
[Site "Zagreb"]
[Date "2023.12.12"]
[Round "10.6"]
[White "Fercec, Nenad"]
[Black "Kozul, Zdenko"]
[Result "1-0"]
[ECO "B80"]
[WhiteElo "2401"]
[BlackElo "2532"]
[Annotator "ChessBase"]
[PlyCount "79"]
[EventDate "2023.12.05"]
[EventType "tourn"]
[EventCountry "CRO"]
[SourceTitle "playchess.com"]
[Source "ChessBase"]
[SourceQuality "1"]
[TimeControl "40/5400+30:1800+30"]

1. e4 c5 2. Nf3 d6 3. d4 cxd4 4. Nxd4 Nf6 5. Nc3 a6 6. Be3 e6 7. Qd2 Nbd7 8. f3 h5 9. Bc4 Qc7 10. Bxe6 fxe6 11. Nxe6 Qc4 12. Nxf8 Nxf8 13. Qxd6 Be6 14. O-O-O Rc8 15. Rd4 Qc7 16. Rhd1 Qxd6 17. Rxd6 N6d7 18. Nd5 h4 19. h3 Bxd5 20. R1xd5 Nf6 21. Rd4 N8d7 22. e5 Rh5 23. exf6 Nxf6 24. Bf2 Rg5 25. Bxh4 Rxg2 26. c3 Kf7 27. Bxf6 gxf6 28. Rd7+ Ke6 29. Rxb7 Rf2 30. Rb6+ Kf5 31. Rd5+ Kg6 32. Rd2 Rxf3 33. Rxa6 Rh8 34. a4 Rhxh3 35. Kc2 Kg5 36. a5 f5 37. Ra8 Re3 38. a6 Kf4 39. Rf2+ Rhf3 40. Rxf3+ 1-0

[Event "Croatian Championship 2023"]
[Site "Zagreb"]
[Date "2023.12.13"]
[Round "11.1"]
[White "Kozul, Zdenko"]
[Black "Livaic, Leon"]
[Result "1/2-1/2"]
[ECO "E11"]
[WhiteElo "2532"]
[BlackElo "2543"]
[Annotator "RC"]
[PlyCount "134"]
[EventDate "2023.12.05"]
[EventType "tourn"]
[EventCountry "CRO"]
[SourceTitle "playchess.com"]
[Source "ChessBase"]
[SourceQuality "1"]
[TimeControl "40/5400+30:1800+30"]

1. d4 Nf6 2. c4 e6 3. Nf3 Bb4+ 4. Bd2 Qe7 5. g3 Nc6 6. Bg2 Bxd2+ 7. Nbxd2 d6 8. Nf1 e5 9. Ne3 O-O 10. O-O Bg4 11. Nxg4 Nxg4 12. e3 Nf6 13. a3 a5 14. Rc1 a4 15. Qc2 Rfe8 16. Rfd1 g6 17. c5 e4 18. cxd6 cxd6 19. Nd2 d5 20. Bf1 Qe6 21. Nb1 h5 22. Nc3 Rec8 23. Rd2 h4 24. Qd1 Ne7 25. Rdc2 hxg3 26. hxg3 Nh7 27. Be2 Ng5 28. Bg4 f5 29. Be2 Kf7 30. Nb5 Nc6 31. Rc5 Kg7 32. Nc3 Ne7 33. Rxc8 Rxc8 34. Nxa4 Rh8 35. Nc5 Qg8 36. Kg2 Qh7 37. Qh1 Qg8 38. Qg1 Qh7 39. Qh1 Qg8 40. Qg1 Qh7 41. f4 exf3+ 42. Bxf3 Qh3+ 43. Kf2 Ne4+ 44. Ke1 Nxg3 45. Ne6+ Kf6 46. Nf4 Qh2 47. Qxh2 Rxh2 48. Ne2 Ne4 49. Rc7 Ng5 50. Ng1 Rxb2 51. Bd1 Ne6 52. Rd7 f4 53. exf4 Nxf4 54. Rd6+ Kf7 55. Bg4 Ng2+ 56. Kd1 Rb1+ 57. Ke2 Rxg1 58. Kf2 Ra1 59. Kxg2 Rxa3 60. Be6+ Kg7 61. Bxd5 Nxd5 62. Rxd5 Rb3 63. Rd6 Kh6 64. Rf6 Kg5 65. Rf7 b5 66. Kf2 Rd3 67. Rb7 Rxd4 1/2-1/2

[Event "Croatian Championship 2023"]
[Site "Zagreb"]
[Date "2023.12.13"]
[Round "11.2"]
[White "Martinovic, Sasa"]
[Black "Fercec, Nenad"]
[Result "1/2-1/2"]
[ECO "A50"]
[WhiteElo "2556"]
[BlackElo "2401"]
[Annotator "RC"]
[PlyCount "25"]
[EventDate "2023.12.05"]
[EventType "tourn"]
[EventCountry "CRO"]
[SourceTitle "playchess.com"]
[Source "ChessBase"]
[SourceQuality "1"]
[TimeControl "40/5400+30:1800+30"]

1. d4 Nf6 2. c4 b6 3. f3 Nc6 4. Nc3 e5 5. d5 Ne7 6. g4 h5 7. g5 Nh7 8. h4 Nf5 9. Kf2 g6 10. Ne4 Nd6 11. Nxd6+ Bxd6 12. e4 O-O 13. Be3 1/2-1/2

[Event "Croatian Championship 2023"]
[Site "Zagreb"]
[Date "2023.12.13"]
[Round "11.3"]
[White "Novosel, Lovro"]
[Black "Bosiocic, Marin"]
[Result "0-1"]
[ECO "E68"]
[WhiteElo "2370"]
[BlackElo "2545"]
[Annotator "RC"]
[PlyCount "128"]
[EventDate "2023.12.05"]
[EventType "tourn"]
[EventCountry "CRO"]
[SourceTitle "playchess.com"]
[Source "ChessBase"]
[SourceQuality "1"]
[TimeControl "40/5400+30:1800+30"]

1. d4 Nf6 2. Nf3 g6 3. g3 Bg7 4. Bg2 O-O 5. O-O d6 6. c4 Nbd7 7. Nc3 e5 8. e4 Re8 9. Re1 exd4 10. Nxd4 Nc5 11. h3 h6 12. Nb3 Ne6 13. Kh2 h5 14. Be3 h4 15. g4 g5 16. Nd4 Nxd4 17. Bxd4 c6 18. Qd2 Be6 19. Kh1 Nh7 20. b3 Qa5 21. Bxg7 Kxg7 22. Rad1 Rad8 23. Ne2 Qxd2 24. Rxd2 Kf6 25. Red1 Ke7 26. Nd4 Nf6 27. Nf5+ Bxf5 28. exf5 Kf8 29. Bf3 Re7 30. Rxd6 Rxd6 31. Rxd6 Rd7 32. Rxd7 Nxd7 33. Kg2 Ke7 34. Be4 Kf6 35. f4 gxf4 36. Kf3 Kg5 37. Bd3 a5 38. a3 f6 39. Be2 c5 40. Ke4 Ne5 41. a4 Nc6 42. Bf3 Nd4 43. Bd1 b6 44. Kd3 f3 45. Ke3 f2 46. Kxf2 Kf4 47. Kg2 Nc6 48. Kf2 Ne5 49. Be2 Ke4 50. Bf1 Kd4 51. Bg2 Nf7 52. Ke2 Kc3 53. Ke3 Kxb3 54. Ke4 Kxa4 55. Kd5 Ng5 56. Kd6 Kb3 57. Ke7 Nh7 58. Bc6 a4 59. Bxa4+ Kxa4 60. Kf7 b5 61. cxb5 Kxb5 62. Kg7 Ng5 63. Kxf6 Nxh3 64. g5 Nf4 0-1

[Event "Croatian Championship 2023"]
[Site "Zagreb"]
[Date "2023.12.13"]
[Round "11.4"]
[White "Rogic, Davor"]
[Black "Palac, Mladen"]
[Result "1/2-1/2"]
[ECO "B92"]
[WhiteElo "2431"]
[BlackElo "2478"]
[Annotator "RC"]
[PlyCount "20"]
[EventDate "2023.12.05"]
[EventType "tourn"]
[EventCountry "CRO"]
[SourceTitle "playchess.com"]
[Source "ChessBase"]
[SourceQuality "1"]
[TimeControl "40/5400+30:1800+30"]

1. e4 c5 2. Nf3 d6 3. d4 cxd4 4. Nxd4 Nf6 5. Nc3 a6 6. Be2 e5 7. Nb3 Be7 8. O-O O-O 9. Be3 Be6 10. Kh1 Nbd7 1/2-1/2

[Event "Croatian Championship 2023"]
[Site "Zagreb"]
[Date "2023.12.13"]
[Round "11.5"]
[White "Bukal, Vladimir Jr."]
[Black "Kovacevic, Blazimir"]
[Result "1/2-1/2"]
[ECO "D63"]
[WhiteElo "2337"]
[BlackElo "2400"]
[Annotator "RC"]
[PlyCount "22"]
[EventDate "2023.12.05"]
[EventType "tourn"]
[EventCountry "CRO"]
[SourceTitle "playchess.com"]
[Source "ChessBase"]
[SourceQuality "1"]
[TimeControl "40/5400+30:1800+30"]

1. d4 d5 2. c4 e6 3. Nc3 c6 4. Nf3 Nf6 5. Bg5 Be7 6. e3 Nbd7 7. Rc1 O-O 8. a3 dxc4 9. Bxc4 Nd5 10. Bxe7 Qxe7 11. O-O b6 1/2-1/2

[Event "Croatian Championship 2023"]
[Site "Zagreb"]
[Date "2023.12.13"]
[Round "11.6"]
[White "Rezan, Sasa"]
[Black "Tica, Sven"]
[Result "1-0"]
[ECO "D37"]
[WhiteElo "2406"]
[BlackElo "2448"]
[Annotator "RC"]
[PlyCount "83"]
[EventDate "2023.12.05"]
[EventType "tourn"]
[EventCountry "CRO"]
[SourceTitle "playchess.com"]
[Source "ChessBase"]
[SourceQuality "1"]
[TimeControl "40/5400+30:1800+30"]

1. d4 d5 2. c4 e6 3. Nf3 Nf6 4. Nc3 Nbd7 5. Bf4 dxc4 6. e3 Bd6 7. Bxd6 cxd6 8. Bxc4 a6 9. a4 b6 10. O-O Bb7 11. Qe2 d5 12. Bd3 Qb8 13. a5 b5 14. Na2 O-O 15. Rfc1 Ne4 16. Rc2 Qd6 17. Qe1 Rac8 18. Rac1 Nb8 19. Bxe4 dxe4 20. Nd2 Rxc2 21. Rxc2 f5 22. Nb3 Bd5 23. Nac1 Nc6 24. Nc5 f4 25. Ne2 f3 26. Ng3 e5 27. Qc3 exd4 28. exd4 fxg2 29. Ncxe4 Qg6 30. f3 Qf7 31. Kxg2 h5 32. h4 Qf4 33. Rf2 Qxh4 34. Qc5 Ne7 35. Qd6 Ba8 36. Qe6+ Kh7 37. Qe5 Kh6 38. Qd6+ Ng6 39. Qxf8 Bxe4 40. fxe4 Qg4 41. Qc5 h4 42. Qh5+ 1-0